 Dungeon Crawl Stone Soup version 0.23.2-1-ga50397a6bc (webtiles) character file.

Game seed: 11524194085371646263

6522 Ordine the Magician (level 10, -5/57 HPs)
             Began as a Deep Elf Wizard on May 17, 2019.
             Was a Follower of Vehumet.
             Slain by a wolf (7 damage)
             ... on level 9 of the Dungeon.
             The game lasted 00:46:33 (12522 turns).

Ordine the Magician (Deep Elf Wizard)              Turns: 12522, Time: 00:46:33

Health: -5/57      AC:  5    Str:  4    XL:     10   Next: 69%
Magic:  20/22      EV: 16    Int: 27    God:    Vehumet [*.....]
Gold:   372        SH:  5    Dex: 13    Spells: 11/23 levels left

rFire    + + .     SeeInvis +   a - +1 dagger
rCold    + . .     Gourm    .   f - +0 buckler
rNeg     . . .     Faith    .   p - +2 robe {rF+}
rPois    +         Spirit   .   C - +1 hat
rElec    .         Reflect  .   G - scarf {rC+ rF+}
rCorr    .         Harm     .   (no gloves)
MR       +....                  (no boots)
Stlth    ++........             F - amulet of rage
HPRegen  0.19/turn              s - ring of see invisible
MPRegen  0.18/turn              w - ring of poison resistance

@: very slightly contaminated
A: no striking features
a: Renounce Religion, Evoke Berserk Rage


You were on level 9 of the Dungeon.
You worshipped Vehumet.
Vehumet was aware of your devotion.
You were not hungry.

You visited 3 branches of the dungeon, and saw 12 of its levels.

You collected 372 gold pieces.

Inventory:

Hand Weapons
 a - a +1 dagger (weapon)
Armour
 f - a +0 buckler (worn)
 p - a +2 robe of fire resistance (worn)
 z - the +0 pair of boots of the Ward {-Cast rC- Int+4 Dex+3}
   (You found it on level 7 of the Dungeon)

   It affects your intelligence (+4).
   It affects your dexterity (+3).
   It makes you vulnerable to cold.
   It prevents spellcasting.
 C - a +1 hat (worn)
 G - a scarf of resistance (worn)
Magical Staves
 b - an uncursed staff of power
 i - an uncursed staff of fire
Jewellery
 h - an uncursed amulet of harm
 j - an uncursed ring of stealth
 s - a ring of see invisible (left hand)
 w - a ring of poison resistance (right hand)
 F - an amulet of rage (around neck)
Wands
 l - a wand of iceblast (7)
 u - a wand of disintegration (19)
 v - a wand of digging (6)
 x - a wand of acid (7)
Scrolls
 g - 4 scrolls of fog
 r - 4 scrolls of remove curse
 y - a scroll of fear
 H - a scroll of enchant weapon
Potions
 c - 2 potions of agility
 e - 2 potions of mutation
 k - 2 potions of might
 m - a potion of haste
 n - 2 potions of magic
 o - 4 potions of curing
 q - a potion of ambrosia
 t - a potion of resistance {unknown}
 A - a potion of heal wounds
 B - a potion of brilliance
 D - 2 potions of lignification
Comestibles
 d - 20 rations
 E - 3 chunks of flesh


   Skills:
 + Level 4.3 Fighting
 + Level 5.0 Short Blades
 - Level 3.0 Armour
 + Level 7.0 Dodging
 - Level 3.0 Stealth
 - Level 6.0 Shields
 + Level 7.1 Spellcasting
 + Level 6.4 Conjurations
   Level 1.1 Summonings
 - Level 3.0 Translocations
 + Level 3.7 Fire Magic
 + Level 3.6 Air Magic
 + Level 5.0 Evocations


You had 11 spell levels left.
You knew the following spells:

 Your Spells              Type           Power        Failure   Level  Hunger
a - Magic Dart            Conj           ####         1%          1    None
b - Blink                 Tloc           N/A          2%          2    None
c - Conjure Flame         Conj/Fire      #####...     2%          3    None
d - Mephitic Cloud        Conj/Pois/Air  ####....     4%          3    None
e - Regeneration          Chrm/Necr      #.........   17%         3    None

Your spell library contained the following spells:

 Spells                   Type           Power        Failure   Level  Hunger
 Sandblast                Erth           #.....       6%          1    None
 Shroud of Golubria       Chrm/Tloc      ###.......   4%          2    None
 Call Imp                 Summ           ###.....     5%          2    None
 Corona                   Hex            #......      6%          1    None
 Infusion                 Chrm           #...         6%          1    None
 Slow                     Hex            #.......     9%          2    None
 Song of Slaying          Chrm           #.......     9%          2    None
 Inner Flame              Hex/Fire       ###.....     9%          3    None
 Portal Projectile        Hex/Tloc       ###...       10%         3    None
 Spectral Weapon          Hex/Chrm       #.......     17%         3    None
 Cause Fear               Hex            #.........   50%         4    ##.....
 Leda's Liquefaction      Hex/Erth       #.........   50%         4    ##.....


Dungeon Overview and Level Annotations

Branches:
Dungeon (10/15)            Temple (1/1) D:7            Lair (1/6) D:9
    Orc (0/2) D:10

Altars:
Ashenzari
Cheibriados
Dithmenos
Elyvilon
Fedhas
Gozag
Hepliaklqana
Kikubaaqudgha
Makhleb
Nemelex Xobeh
Okawaru
Qazlal
Ru
Sif Muna
Trog
Uskayaw
Vehumet
Wu Jian
Xom
Yredelemnul
Zin
The Shining One

Shops:
D:5 [

Annotations:
D:3 1 runed translucent door, Jabberih's ghost, amateur HONe
D:6 2 transporters, mrkaede's ghost, novice MiFi
D:7 1 runed translucent door


Message History

There is an entrance to a volcano on this level.
Hurry and find it before the entrance collapses!
The walls and floor vibrate strangely for a moment.
The komodo dragon bites you!
The wolf howls!
The komodo dragon closely misses you.
There is a staircase back to the Dungeon, spattered with blood here.
Unknown command.
The wolf completely misses you. The komodo dragon bites you!!
Ouch! That really hurt!
* * * LOW HITPOINT WARNING * * *
You climb upwards.
Welcome back to the Dungeon!
There is a staircase to the Lair here.
Unknown command.
Unknown command.
Casting: Magic Dart (safe; 1% risk of failure)
Confirm with . or Enter, or press ? or * to list all spells.
You miscast Blink.
You are very lightly contaminated with residual magic.
Nothing appears to happen.
The wolf bites you!
You die...

......#......# #......#...#....
......#......# #......'...#....
......###...######.....##########
##......#........##....##..####..
.#......#.........#....#8...⌠.⌠..
.#......#.........#....#.........
.#......#.........#....#8...⌠.⌠..
.#......#........h'....##..####..
##......#'#####.@l#....########..
..............##'##..........#'##
....................######.......
....................#....#.......
....................#....#.......
....................'....#.......
....................#....#.......
....................#....#..<....
....................#....#.......


You could see a komodo dragon and a wolf.

Vanquished Creatures
  Harold (D:7)
  Joseph (D:7)
  2 hippogriffs
  Sigmund (D:4)
  3 yaks (D:9)
  Eustachio (D:4)
  A water moccasin (D:9)
  3 ice beasts
  4 orc warriors
  A phantom (D:9)
  5 wolves
  8 ogres
  8 centaurs
  4 bullfrogs
  A wyvern skeleton (D:10)
  A howler monkey (D:4)
  4 crimson imps
  4 hounds
  2 jellies (D:5)
  6 orc priests
  A centaur skeleton (D:9)
  4 bullfrog skeletons
  3 iguanas
  10 orc wizards
  5 worker ants
  2 killer bee zombies
  2 hound zombies
  3 hound skeletons
  4 worker ant zombies
  11 adders
  A shadow imp (D:7)
  An ooze (D:5)
  An adder skeleton (D:6)
  3 dart slugs
  3 leopard geckos
  47 orcs
  3 giant cockroaches
  3 goblins
  5 hobgoblins
  10 jackals
  9 quokkas
  A ball python (D:2)
  9 bats
  3 frilled lizards
  A giant cockroach zombie (D:5)
  A jackal zombie (D:8)
  4 kobolds
  2 leopard gecko skeletons
  A quokka zombie (D:6)
  12 rats
226 creatures vanquished.

Vanquished Creatures (others)
  An ogre (D:8)
1 creature vanquished.

Grand Total: 227 creatures vanquished

Notes
Turn   | Place    | Note
-------+----------+-------------------------------------------
     0 | D:1      | Ordine the Deep Elf Wizard began the quest for the Orb.
     0 | D:1      | Reached XP level 1. HP: 10/10 MP: 7/7
   198 | D:1      | Reached XP level 2. HP: 15/15 MP: 1/9
   241 | D:1      | Learned a level 2 spell: Blink
   839 | D:2      | Found a sparkling altar of Nemelex Xobeh.
   840 | D:2      | Reached XP level 3. HP: 19/19 MP: 9/11
   991 | D:2      | Learned a level 3 spell: Conjure Flame
  1005 | D:2      | Learned a level 3 spell: Mephitic Cloud
  1342 | D:2      | Found a bloodstained altar of Trog.
  1346 | D:2      | Found a hazy altar of Hepliaklqana.
  1425 | D:3      | Found a runed translucent door.
  1425 | D:3      | Noticed Jabberih's ghost (amateur HONe)
  1642 | D:3      | Reached XP level 4. HP: 15/24 MP: 5/12
  2204 | D:4      | Noticed an ogre
  2216 | D:4      | Killed an ogre
  2216 | D:4      | Reached skill level 5 in Spellcasting
  2216 | D:4      | Reached skill level 1 in Fire Magic
  2216 | D:4      | Reached skill level 1 in Air Magic
  2216 | D:4      | Reached XP level 5. HP: 28/28 MP: 4/14
  2358 | D:4      | Noticed an ogre
  2369 | D:4      | Killed an ogre
  2396 | D:4      | Found a shattered altar of Ashenzari.
  2415 | D:4      | Noticed Sigmund
  2438 | D:4      | Killed Sigmund
  2438 | D:4      | Reached XP level 6. HP: 25/32 MP: 0/16
  2691 | D:4      | Noticed Eustachio
  2810 | D:4      | Killed Eustachio
  2810 | D:4      | Reached XP level 7. HP: 25/37 MP: 10/17
  2814 | D:4      | Reached skill level 1 in Shields
  2833 | D:4      | Reached skill level 1 in Short Blades
  3116 | D:4      | Reached skill level 1 in Fighting
  3116 | D:4      | Reached skill level 5 in Conjurations
  3159 | D:5      | Entered Level 5 of the Dungeon
  3472 | D:5      | Reached XP level 8. HP: 42/43 MP: 8/19
  3946 | D:5      | Found Uclo's Armour Shop.
  4519 | D:5      | Found a snail-covered altar of Cheibriados.
  4525 | D:5      | Found a shattered altar of Ashenzari.
  4548 | D:5      | Found a basalt altar of Yredelemnul.
  4910 | D:6      | Reached skill level 1 in Evocations
  5604 | D:6      | Reached skill level 1 in Armour
  5751 | D:6      | Noticed mrkaede's ghost (novice MiFi)
  5752 | D:6      | Found a transporter.
  5752 | D:6      | Found a transporter.
  6421 | D:7      | Noticed a hippogriff
  6426 | D:7      | Killed a hippogriff
  6426 | D:7      | Reached XP level 9. HP: 47/49 MP: 12/20
  6486 | D:7      | Got a pair of distressingly furry boots
  6492 | D:7      | Identified the +0 pair of boots of the Ward {-Cast rC-
                  | Int+4 Dex+3} (You found it on level 7 of the Dungeon)
  6645 | D:7      | Found a runed translucent door.
  6645 | D:7      | Noticed a sixfirhy
  6774 | D:7      | Noticed Harold
  6780 | D:7      | Reached skill level 5 in Dodging
  7216 | D:7      | Killed Harold
  7497 | D:7      | Found a shimmering altar of Xom.
  7563 | D:7      | Found a staircase to the Ecumenical Temple.
  7974 | D:8      | Noticed Joseph
  8196 | D:7      | Killed Joseph
  8196 | D:7      | Reached skill level 5 in Shields
  8369 | D:8      | Reached XP level 10. HP: 19/56 MP: 8/21
  8499 | Temple   | Entered the Ecumenical Temple
  8743 | Temple   | Became a worshipper of Vehumet
 10391 | D:9      | Found a staircase to the Lair.
 11211 | D:10     | Entered Level 10 of the Dungeon
 11403 | D:10     | Identified a scroll of acquirement
 11411 | D:10     | Learned a level 3 spell: Regeneration
 11439 | D:10     | Found a staircase to the Orcish Mines.
 11625 | D:10     | Noticed a gargoyle
 11676 | Lair:1   | Entered Level 1 of the Lair of Beasts
 12246 | D:8      | Reached * piety under Vehumet
 12246 | D:8      | Offered knowledge of Sandblast by Vehumet.
 12246 | D:8      | Reached skill level 5 in Short Blades
 12384 | D:9      | Reached skill level 5 in Evocations
 12520 | Lair:1   | HP: 1/57 [komodo dragon (29)]
 12522 | D:9      | Slain by a wolf

Skill      XL: |  1  2  3  4  5  6  7  8  9 10 |
---------------+-------------------------------+-----
Conjurations   | 2 3 4 5 6 |  6.4
Stealth        | 3 |  3.0
Dodging        | 3 4 6 7 |  7.0
Spellcasting   | 5 6 7 |  7.1
Translocations | 2 3 |  3.0
Fire Magic     | 1 2 3 |  3.7
Air Magic      | 1 2 3 |  3.6
Shields        | 2 3 5 6 |  6.0
Short Blades   | 1 2 4 5 |  5.0
Fighting       | 1 2 3 4 |  4.3
Evocations     | 2 4 5 |  5.0
Armour         | 1 3 |  3.0
Summonings     | |  1.1

Action                   |  1- 3 |  4- 6 |  7- 9 | 10-12 || total
-------------------------+-------+-------+-------+-------++-------
Melee: Unarmed           |     2 |       |       |       ||     2
       Dagger            |    15 |    24 |    91 |    31 ||   161
       Staff             |       |       |       |     4 ||     4
 Cast: Magic Dart        |   102 |    60 |   334 |   317 ||   813
       Mephitic Cloud    |     1 |     9 |    35 |    23 ||    68
       Blink             |     1 |       |    18 |    27 ||    46
       Conjure Flame     |       |     4 |    18 |    18 ||    40
  Use: Scroll            |     6 |     5 |     8 |     6 ||    25
       Potion            |       |       |     3 |     2 ||     5
 Stab: Confused          |     2 |     6 |     7 |     2 ||    17
  Eat: Chunk             |     2 |     3 |    18 |    13 ||    36
Armor: Robe              |     8 |       |    20 |    21 ||    49
Dodge: Dodged            |    20 |    16 |    88 |   120 ||   244
Block: Buckler           |       |       |     5 |    44 ||    49
